 Dungeon Crawl Stone Soup version 0.21.1-1-g345015fe64 (webtiles) character file.

14209 Oravi the Nimble (level 12, -4/76 HPs)
             Began as a Merfolk Transmuter on May 1, 2018.
             Was a High Priest of Okawaru.
             Slain by a killer bee (8 damage)
             ... on level 11 of the Dungeon.
             The game lasted 01:05:33 (12827 turns).

Oravi the Nimble (Merfolk Transmuter)              Turns: 12827, Time: 01:05:34

Health: -4/76      AC:  2    Str: 11    XL:     12   Next: 14%
Magic:  15/15      EV: 35    Int: 21    God:    Okawaru [*****.]
Gold:   484        SH:  0    Dex: 21    Spells: 1/15 levels left

rFire    . . .     SeeInvis .     - Unarmed
rCold    . . .     Gourm    .   (shield currently unavailable)
rNeg     . . .     Faith    .   (armour currently unavailable)
rPois    .         Spirit   .   (helmet currently unavailable)
rElec    .         Reflect  .   (cloak currently unavailable)
rCorr    .         Harm     .   (gloves currently unavailable)
MR       +....     Rnd*Rage +   (boots currently unavailable)
Stlth    +.........             x - amulet "Goobbees" {RegenMP MR+}
HPRegen  0.22/turn              D - ring of poison resistance
MPRegen  0.39/turn              h - +4 ring of intelligence

@: confused, spider-form
A: tiny, (change form in water), (swift swim), (stealthy swim), agile 1, berserk
1, evolution 1
a: End Transformation, Heroism, Finesse, Renounce Religion


You were on level 11 of the Dungeon.
You worshipped Okawaru.
Okawaru was extremely pleased with you.
You were not hungry.
You were a venomous arachnid creature.
You visited 2 branches of the dungeon, and saw 12 of its levels.

You collected 572 gold pieces.
You spent 88 gold pieces at shops.

Inventory:

Missiles
 a - 46 arrows
 k - 367 stones
 w - 11 tomahawks
 y - a poisoned javelin (quivered)
Armour
 b - a +0 robe (melded)
 I - a +2 hat (melded)
 N - a +0 cloak (melded)
Jewellery
 e - an uncursed ring of fire
 g - an uncursed ring of resist corrosion
 h - a +4 ring of intelligence (right front leg)
 j - an uncursed ring of protection from cold
 x - the amulet "Goobbees" (around neck) {RegenMP MR+}
   (You acquired it on level 9 of the Dungeon)

   [amulet of magic regeneration]

   It increases your magic regeneration.
   It affects your resistance to hostile enchantments.
 D - a ring of poison resistance (left front leg)
 P - the amulet "Bamoj" {Spirit Str+4}
   (You found it on level 9 of the Dungeon)

   [amulet of guardian spirit]

   It causes incoming damage to be split between your health and magic.
   It affects your strength (+4).
Wands
 q - a wand of polymorph (32)
 t - a wand of paralysis (8)
 u - a wand of random effects (27)
 A - a wand of acid (12)
 E - a wand of enslavement (20)
 Q - a wand of disintegration (18)
Scrolls
 l - 6 scrolls of teleportation
 m - a scroll of magic mapping
 n - a scroll of blinking
 v - 4 scrolls of remove curse
 F - 2 scrolls of fear
Potions
 i - 2 potions of magic
 o - 2 potions of ambrosia
 p - a potion of agility
 r - a potion of berserk rage {unknown}
 s - a potion of lignification {unknown}
 z - a potion of resistance {unknown}
 B - 2 potions of haste
 G - a potion of might {unknown}
 H - 2 potions of cancellation {unknown}
 J - a potion of flight {unknown}
Books
 c - a book of Changes

   Spells                             Type                      Level
   a - Beastly Appendage              Transmutation                1
   b - Sticks to Snakes               Transmutation                2
   c - Spider Form                    Transmutation/Poison         3
   d - Ice Form                       Ice/Transmutation            4
   e - Blade Hands                    Transmutation                5
 C - a book of Party Tricks

   Spells                             Type                      Level
   a - Summon Butterflies             Summoning                    1
   b - Apportation                    Translocation                1
   c - Lesser Beckoning               Translocation                3
   d - Tukima's Dance                 Hexes                        3
   e - Alistair's Intoxication        Transmutation/Poison         5
   f - Invisibility                   Hexes                        6
 K - a book of Callings

   Spells                             Type                      Level
   a - Summon Small Mammal            Summoning                    1
   b - Call Imp                       Summoning                    2
   c - Call Canine Familiar           Summoning                    3
   d - Summon Guardian Golem          Hexes/Summoning              3
   e - Summon Lightning Spire         Summoning/Air                4
   f - Summon Ice Beast               Ice/Summoning                4
 L - a book of Maledictions

   Spells                             Type                      Level
   a - Corona                         Hexes                        1
   b - Ensorcelled Hibernation        Hexes/Ice                    2
   c - Confuse                        Hexes                        3
   d - Tukima's Dance                 Hexes                        3
   e - Dazzling Spray                 Conjuration/Hexes            3
 O - a book of Clouds

   Spells                             Type                      Level
   a - Poisonous Vapours              Poison/Air                   2
   b - Mephitic Cloud                 Conjuration/Poison/Air       3
   c - Conjure Flame                  Conjuration/Fire             3
   d - Freezing Cloud                 Conjuration/Ice/Air          6
   e - Ring of Flames                 Charms/Fire                  7
Comestibles
 d - 26 rations


   Skills:
 - Level 1.1 Fighting
 + Level 13.8 Dodging
 + Level 12.4 Unarmed Combat
 - Level 2.0 Spellcasting
 - Level 12.1 Transmutations
 - Level 6.2 Ice Magic
 - Level 4.0 Poison Magic


You had one spell level left.
You knew the following spells:

 Your Spells              Type           Power        Failure   Level  Hunger
a - Spider Form           Tmut/Pois      #####.....   7%          3    ###....
b - Sticks to Snakes      Tmut           ######..     1%          2    ##.....
c - Blade Hands           Tmut           ######....   10%         5    ######.
d - Ice Form              Ice/Tmut       #####...     11%         4    #####..


Dungeon Overview and Level Annotations

Branches:
Dungeon (11/15)            Temple (1/1) D:5            Lair (0/6) D:11
    Orc: D:9-12

Altars:
Ashenzari
Cheibriados
Dithmenos
Elyvilon
Fedhas
Gozag
Hepliaklqana
Kikubaaqudgha
Makhleb
Nemelex Xobeh
Okawaru
Qazlal
Ru
Sif Muna
Trog
Uskayaw
Vehumet
Wu Jian
Xom
Yredelemnul
Zin
The Shining One

Shops:
D:4 (((   D:6 *   D:11 %

Annotations:
D:10 death knight


Innate Abilities, Weirdness & Mutations

((You revert to your normal form in water.))
((You are very nimble and swift while swimming.))
((You are very stealthy in the water. (Stealth+)))
((You have a pair of small antennae on your head.))
You are agile. (Dex +2)
You tend to lose your temper in combat.
((Your flesh is heat resistant. (rF+)))
You evolve.


Message History

The killer bee closely misses you.
You bite the killer bee!
You kill the killer bee!
Okawaru accepts your kill. The killer bee completely misses you.
The killer bee stings you!
* * * LOW HITPOINT WARNING * * *
You are lethally poisoned!
The killer bee poisons you! The killer bee misses you.
You feel better. The killer bee closely misses you.
The killer bee completely misses you. x2; The killer bee closely misses you.
You miss the killer bee. The killer bee closely misses you.
The killer bee stings you.
* * * LOW HITPOINT WARNING * * *
The killer bee stings you.
* * * LOW HITPOINT WARNING * * *
The killer bee completely misses you.
You are confused.
You feel invigorated. The killer bee completely misses you.
The killer bee closely misses you. The killer bee stings you!
You die...

......# #..## '######
##..#### .# ##....# .#
####.# .# ##########'##
.# #...........# .#
#...........# .########
#...........#
.....y..###....ys..<..#
#######...'....y......#
# #####...........# #
####'######## # #....#
##### ##'#########
....# #..........#
y...# #..........#
y...######..........#


You could see 2 killer bees.

Vanquished Creatures
  Gastronok (D:9)
  2 hydras
  The ghost of destino the Grappler, a novice TrMo of Makhleb (D:10)
  2 two-headed ogres
  The ghost of tmwh the Cleaver, a novice MiFi (D:6)
  Pikel (D:9)
  A manticore (D:11)
  A centaur zombie (D:11)
  A troll (D:11)
  Grinder (D:5)
  Prince Ribbit (D:7)
  2 dream sheep (D:10)
  A hippogriff (D:11)
  2 wraiths (D:9)
  2 yaks (D:10)
  The ghost of tmwh the Chopper, an amateur HOFi (D:3)
  Grum (D:11)
  A hungry ghost (D:11)
  3 vampire mosquitoes (D:10)
  2 wargs (D:11)
  Edmund (D:5)
  Duvessa (D:5)
  5 orc warriors
  2 sky beasts
  An ice beast (D:11)
  A necrophage (D:9)
  4 ogres
  2 phantoms
  2 wolves (D:11)
  A crocodile (D:10)
  Blork the orc (D:5)
  2 big kobolds (D:10)
  An elf zombie (D:9)
  8 bullfrogs
  An elf skeleton (D:9)
  Dowan (D:5)
  3 scorpions (D:4)
  9 killer bees
  3 wights
  4 howler monkeys
  5 crimson imps
  2 quasits
  A jelly (D:5)
  5 human zombies (D:9)
  2 human skeletons (D:9)
  10 orc priests
  2 bullfrog skeletons
  5 hounds
  Crazy Yiuf (D:4)
  An iguana (D:6)
  3 centaur skeletons
  13 orc wizards
  8 worker ants
  3 hound zombies
  2 hound skeletons (D:6)
  A mummy (D:9)
  2 worker ant zombies
  Robin (D:4)
  9 adders
  3 shadow imps
  An ooze (D:5)
  An adder zombie (D:9)
  A dart slug (D:4)
  4 leopard geckos
  42 orcs
  5 bats
  5 giant cockroaches
  16 goblins
  8 hobgoblins
  11 jackals
  9 kobolds
  8 quokkas
  4 ball pythons
  7 frilled lizards
  A giant cockroach zombie (D:5)
  A jackal zombie (D:6)
  A leopard gecko skeleton (D:6)
  2 leopard gecko zombies (D:8)
  7 rats
  A plant (D:10)
295 creatures vanquished.

Vanquished Creatures (collateral kills)
  A two-headed ogre (D:9)
  A hungry ghost (D:11)
  A big kobold (D:10)
  A killer bee (D:11)
  A worker ant (D:9)
  A kobold (D:1)
6 creatures vanquished.

Grand Total: 301 creatures vanquished

Notes
Turn   | Place    | Note
-------+----------+-------------------------------------------
     0 | D:1      | Oravi the Merfolk Transmuter began the quest for the Orb.
     0 | D:1      | Reached XP level 1. HP: 15/15 MP: 3/3
   163 | D:1      | Gained mutation: Your spells are a little harder to cast, but a little more powerful. [potion of mutation]
   163 | D:1      | Gained mutation: You are covered in fur. (AC +1) [potion of mutation]
   163 | D:1      | Gained mutation: You have a pair of small antennae on your head. [potion of mutation]
   166 | D:1      | Reached XP level 2. HP: 15/21 MP: 5/5
   171 | D:1      | Learned a level 2 spell: Sticks to Snakes
   677 | D:1      | Reached XP level 3. HP: 26/26 MP: 6/6
   682 | D:1      | Learned a level 3 spell: Spider Form
  1458 | D:2      | Found an opulent altar of Gozag.
  1678 | D:2      | Reached XP level 4. HP: 29/32 MP: 2/7
  1886 | D:2      | Reached skill level 1 in Poison Magic
  2044 | D:2      | Noticed a bullfrog
  2059 | D:2      | Killed a bullfrog
  2059 | D:2      | Reached skill level 3 in Dodging
  2059 | D:2      | Reached XP level 5. HP: 17/37 MP: 0/8
  2369 | D:3      | Reached skill level 5 in Transmutations
  2389 | D:3      | Noticed tmwh's ghost (amateur HOFi)
  2651 | D:3      | Found a sacrificial altar of Ru.
  2666 | D:3      | Reached XP level 6. HP: 35/43 MP: 6/9
  3039 | D:4      | Reached skill level 4 in Dodging
  3039 | D:4      | Reached skill level 5 in Unarmed Combat
  3147 | D:4      | Found a radiant altar of Vehumet.
  3149 | D:4      | Found an iron altar of Okawaru.
  3177 | D:4      | Became a worshipper of Warmaster Okawaru
  3317 | D:4      | Found a runed door.
  3343 | D:4      | Noticed Robin
  3351 | D:4      | Killed Robin
  3351 | D:4      | Reached XP level 7. HP: 44/48 MP: 7/10
  3392 | D:4      | Found Eriujor's Weapon Shoppe.
  3414 | D:4      | Found Bulut's Antique Weapon Boutique.
  3704 | D:4      | Reached skill level 5 in Dodging
  4062 | D:4      | Found Qaxyaggaext's Antique Weapon Shoppe.
  4142 | D:5      | Entered Level 5 of the Dungeon
  4142 | D:5      | Noticed Grinder
  4161 | D:5      | Killed Grinder
  4161 | D:5      | Reached * piety under Okawaru
  4161 | D:5      | Reached skill level 6 in Dodging
  4161 | D:5      | Reached XP level 8. HP: 40/54 MP: 9/11
  4425 | D:5      | Found a staircase to the Ecumenical Temple.
  4431 | Temple   | Entered the Ecumenical Temple
  4578 | D:5      | Found a glowing golden altar of the Shining One.
  4659 | D:5      | Noticed Blork the orc
  4686 | D:5      | Killed Blork the orc
  4722 | D:5      | Noticed Dowan
  4723 | D:5      | Noticed Edmund
  4815 | D:5      | Noticed Duvessa
  4824 | D:5      | Killed Edmund
  4824 | D:5      | Reached skill level 7 in Dodging
  4837 | D:5      | Killed Duvessa
  4837 | D:5      | Reached ** piety under Okawaru
  4839 | D:5      | Found a shimmering altar of Xom.
  4848 | D:5      | Killed Dowan
  5311 | D:6      | Reached XP level 9. HP: 52/59 MP: 12/12
  5332 | D:6      | Noticed tmwh's ghost (novice MiFi)
  5374 | D:6      | Reached skill level 8 in Dodging
  5781 | D:6      | Learned a level 4 spell: Ice Form
  5924 | D:6      | Killed tmwh's ghost
  5924 | D:6      | Reached *** piety under Okawaru
  5998 | D:6      | Found Garobro's General Store.
  6004 | D:6      | Bought a potion of mutation for 88 gold pieces
  6004 | D:6      | Lost mutation: Your spells are a little harder to cast, but a little more powerful. [potion of mutation]
  6004 | D:6      | Lost mutation: You are covered in fur. (AC +1) [potion of mutation]
  6004 | D:6      | Gained mutation: You evolve. [potion of mutation]
  6004 | D:6      | Gained mutation: You are agile. (Dex +2) [potion of mutation]
  6144 | D:7      | Noticed Prince Ribbit
  6150 | D:7      | Killed Prince Ribbit
  6150 | D:7      | Reached skill level 9 in Dodging
  6599 | D:7      | Reached skill level 10 in Transmutations
  6905 | D:7      | Reached XP level 10. HP: 49/65 MP: 11/13
  7020 | D:6      | Reached **** piety under Okawaru
  7279 | D:6      | Found a shattered altar of Ashenzari.
  7332 | D:8      | Noticed a two-headed ogre
  7359 | D:8      | Killed a two-headed ogre
  7359 | D:8      | Reached skill level 10 in Dodging
  7643 | D:8      | Found a stormy altar of Qazlal.
  7860 | D:8      | Found a snail-covered altar of Cheibriados.
  7949 | D:8      | Gained mutation: Your flesh is heat resistant. (rF+) [evolution]
  7969 | D:8      | Found Ocousch's Armour Shoppe.
  8195 | D:9      | Reached skill level 5 in Ice Magic
  8316 | D:9      | Noticed Gastronok
  8316 | D:9      | Noticed a two-headed ogre
  8516 | D:9      | Noticed a two-headed ogre
  8544 | D:9      | Killed a two-headed ogre
  8735 | D:9      | Noticed Pikel
  8742 | D:9      | Killed Pikel
  8742 | D:9      | Reached skill level 11 in Dodging
  8742 | D:9      | Reached skill level 10 in Unarmed Combat
  8862 | D:10     | Entered Level 10 of the Dungeon
  8862 | D:10     | Noticed destino's ghost (novice TrMo)
  8884 | D:10     | HP: 3/65 [destino's ghost (34)]
  9321 | D:10     | Reached XP level 11. HP: 67/70 MP: 7/14
  9586 | D:10     | Reached ***** piety under Okawaru
  9684 | D:10     | Noticed a three-headed hydra
  9708 | D:10     | Killed a three-headed hydra
 10093 | D:10     | Noticed a death knight
 10298 | D:3      | Killed tmwh's ghost
 10387 | D:4      | Noticed Crazy Yiuf
 10394 | D:4      | Killed Crazy Yiuf
 10567 | D:9      | Identified a scroll of acquirement
 10568 | D:9      | Got a heavily runed graven amulet
 10577 | D:9      | Learned a level 5 spell: Blade Hands
 10595 | D:9      | Identified the amulet "Goobbees" {RegenMP MR+} (You acquired it on level 9 of the Dungeon)
 10617 | D:9      | Killed a two-headed ogre
 10640 | D:9      | Killed Gastronok
 10640 | D:9      | Reached skill level 12 in Dodging
 10794 | D:9      | Got a glittering brass amulet
 11034 | D:9      | Found an ancient bone altar of Kikubaaqudgha.
 11320 | D:9      | Identified the amulet "Bamoj" {Spirit Str+4} (You found it on level 9 of the Dungeon)
 11448 | D:10     | Killed destino's ghost
 11925 | D:11     | Noticed a seven-headed hydra
 11972 | D:11     | Killed a seven-headed hydra
 11972 | D:11     | Reached skill level 13 in Dodging
 12004 | D:11     | Found Founyuh's Food Boutique.
 12011 | D:11     | Noticed Grum
 12015 | D:11     | Killed Grum
 12089 | D:11     | Received a gift from Okawaru
 12117 | D:11     | Reached XP level 12. HP: 54/76 MP: 15/15
 12136 | D:11     | Found a staircase to the Lair.
 12814 | D:11     | Gained mutation: You tend to lose your temper in combat. [evolution]
 12824 | D:11     | HP: 3/76 [killer bee (10)]
 12826 | D:11     | HP: 1/76 [killer bee (3)]
 12827 | D:11     | Slain by a killer bee

Skill      XL: |  1  2  3  4  5  6  7  8  9 10 11 |
---------------+----------------------------------+-----
Transmutations | 3 4 5 6 8 10 11 12 | 12.1
Unarmed Combat | 4 5 6 7 8 10 12 | 12.4
Poison Magic   | 1 2 3 4 |  4.0
Dodging        | 3 4 6 7 9 11 13 | 13.8
Ice Magic      | 3 5 6 |  6.2
Fighting       | |  1.1
Spellcasting   | |  2.0

Action                   |  1- 3 |  4- 6 |  7- 9 | 10-12 || total
-------------------------+-------+-------+-------+-------++-------
Melee: Unarmed           |    84 |    91 |   349 |   572 ||  1096
       Headbutt          |     1 |       |       |       ||     1
       Punch             |     1 |       |     2 |     3 ||     6
Throw: Stone             |     9 |       |     5 |       ||    14
       Javelin           |       |       |    13 |     3 ||    16
       Tomahawk          |       |       |     2 |       ||     2
 Cast: Beastly Appendage |     3 |       |       |       ||     3
       Sticks to Snakes  |     7 |       |     4 |    35 ||    46
       Spider Form       |     9 |    14 |    43 |    52 ||   118
       Blade Hands       |       |       |       |     3 ||     3
Invok: Heroism           |       |       |       |     3 ||     3
 Abil: End Transformatio |       |       |     2 |     2 ||     4
  Use: Scroll            |     6 |     1 |     6 |     6 ||    19
       Potion            |     1 |       |     7 |     4 ||    12
 Stab: Paralysed         |       |     1 |       |       ||     1
       Sleeping          |       |       |     2 |     6 ||     8
       Distracted        |       |       |     1 |     2 ||     3
  Eat: Chunk             |     4 |     8 |    14 |    13 ||    39
       Ration            |       |       |     1 |     5 ||     6
Armor: Robe              |    15 |     2 |       |     2 ||    19
       Skin              |     1 |     4 |     8 |    19 ||    32
Dodge: Dodged            |    71 |    62 |   293 |   591 ||  1017
